 Dungeon Crawl Stone Soup version 0.28-a0-533-g9f97627e2a (webtiles) character file.

Game seed: 8206785735350652036

292 olmar the Ducker (level 6, 0/45 HPs)
             Began as a Djinni Warper on Sept 26, 2021.
             Slain by Grinder (7 damage)
             ... while paralysed by Grinder
             ... on level 3 of the Dungeon.
             The game lasted 00:04:51 (3023 turns).

olmar the Ducker (Djinni Warper)                    Turns: 3023, Time: 00:04:51

Health: 0/45       AC:  3    Str: 10    XL:     6   Next: 59%
Gold:   42         EV:  2    Int: 17    God:
                   SH:  0    Dex: 12

rFire   + + .      SeeInvis .   j - +2 dagger (venom)
rCold   x . .      Faith    .   (no shield)
rNeg    . . .      Spirit   .   b - +0 leather armour
rPois   ∞          Reflect  .   (no helmet)
rElec   .          Harm     .   (no cloak)
rCorr   .          Rampage  .   (no gloves)
Will    .....                   (boots unavailable)
Stlth   +.........              (no amulet)
HPRegen 0.15/turn               (no ring)
MPRegen 0.00/turn               (no ring)

@: paralysed, flying
A: sickness immunity, fire resistance 2, cold vulnerability 1, float, innate
caster, hp casting, extra vitality 1
a: no special abilities


You were on level 3 of the Dungeon.
You visited 1 branch of the dungeon, and saw 3 of its levels.

You collected 42 gold pieces.

Inventory:

Hand Weapons
 a - a +0 falchion
 f - a +0 dagger
 j - a +2 dagger of venom (weapon)
Missiles
 d - 4 boomerangs of dispersal (quivered)
 g - 14 poisoned darts
Armour
 b - a +0 leather armour (worn)
Wands
 k - a wand of flame (17)
Scrolls
 c - a scroll of blinking
 e - a scroll of summoning
 h - a scroll of noise {unknown}
 i - a scroll of immolation {unknown}
 l - a scroll of enchant weapon {unknown}
 o - a scroll of acquirement {unknown}
Potions
 m - a potion of ambrosia {unknown}
 n - a potion of curing {unknown}


   Skills:
 + Level 2.6 Fighting
 + Level 1.7(2.4) Short Blades
 + Level 2.3(2.7) Long Blades
 - Level 0.7 Throwing
 + Level 3.2 Armour
 + Level 3.4 Dodging
 + Level 3.3 Spellcasting


You couldn't memorise any spells.
You knew the following spells:

 Your Spells              Type           Power      Damage    Failure   Level
a - Blink                 Tloc           N/A        N/A       9%          2
b - Lesser Beckoning      Tloc           14%        N/A       17%         3
c - Gell's Gravitas       Tloc           7%         N/A       17%         3
d - Teleport Other        Tloc           14%        N/A       17%         3
e - Manifold Assault      Tloc           14%        N/A       85%         5
f - Magic Dart            Conj           56%        1d5       6%          1
g - Poisonous Vapours     Pois/Air       28%        N/A       9%          2
Your spell library was empty.

Dungeon Overview and Level Annotations

Branches:
Dungeon (3/15)

Altars:

Annotations:
D:3 Grinder


Innate Abilities, Weirdness & Mutations

You are immune to sickness and miasma.
You are immune to poison.
Your flesh is very heat resistant. (rF++)
You are vulnerable to cold. (rC-)
You float through the air rather than walking.
You learn spells naturally, not from books.
Your magical power is your life essence.
You have superior vitality. (+4 HP)


Message History

Unknown command.
You hit Grinder but do no damage.
Grinder is lightly wounded.
Grinder closely misses you.
Unknown command.
You hit Grinder.
Grinder is lightly wounded.
Grinder closely misses you.
Unknown command.
You barely miss Grinder.
Grinder is lightly wounded.
Unknown command.
You hit Grinder but do no damage.
Grinder is lightly wounded.
Grinder says, "Just stop there for a second..."
Grinder hits you.
You writhe in agony.
Unknown command.
You hit Grinder.
Grinder is lightly wounded.
Grinder barely misses you.
You hit Grinder.
Grinder is poisoned.
Grinder is moderately wounded.
Grinder hits you.
You writhe in agony.
Unknown command.
You are too injured to fight recklessly!
Unknown command.
You are too injured to fight recklessly!
Grinder gestures at you.
You suddenly lose the ability to move!
Grinder gestures at you. Pain shoots through your body!
* * * LOW HITPOINT WARNING * * *
Grinder gestures at you. You resist with some effort. Grinder hits you.
* * * LOW HITPOINT WARNING * * *
You writhe in agony.
* * * LOW HITPOINT WARNING * * *
Grinder hits you!
You die...

... .... ... ..#
... ....
####..#.. #....
#....... .....
##......###.....
#.....#.........
................
.#......5.......
#....##@.##....
#######..>.....
#####.)..##...#
#.....<#.# ..#
...######.# .. .
.# . .. ##


You could see Grinder (poisoned).

Vanquished Creatures
  Sigmund (D:2)
  An ogre (D:2)
  An adder (D:3)
  A worm (D:2)
  A dart slug (D:1)
  2 endoplasms
  2 giant cockroaches (D:1)
  4 goblins
  A hobgoblin (D:1)
  4 jackals (D:3)
  6 kobolds
  4 ball pythons
  4 bats
  3 frilled lizards
  A rat (D:1)
36 creatures vanquished.

Notes
Turn   | Place    | Note
-------+----------+-------------------------------------------
     0 | D:1      | olmar the Djinni Warper began the quest for the Orb.
     0 | D:1      | Reached XP level 1. HP: 18/18 MP: 0/0
   397 | D:1      | Reached XP level 2. HP: 23/23 MP: 0/0
   967 | D:1      | Reached XP level 3. HP: 27/28 MP: 0/0
   967 | D:1      | Learned a level 1 spell: Magic Dart
  1463 | D:2      | Noticed Sigmund
  1810 | D:2      | Noticed an ogre
  2268 | D:2      | Killed Sigmund
  2269 | D:2      | Reached skill level 1 in Short Blades
  2269 | D:2      | Reached XP level 4. HP: 9/34 MP: 0/0
  2269 | D:2      | Reached XP level 5. HP: 11/39 MP: 0/0
  2269 | D:2      | Learned a level 2 spell: Poisonous Vapours
  2577 | D:2      | Killed an ogre
  2578 | D:2      | Reached XP level 6. HP: 37/45 MP: 0/0
  3002 | D:3      | Noticed Grinder
  3018 | D:3      | Paralysed by Grinder for 6 turns
  3023 | D:3      | Slain by Grinder

Illustrated notes

Levels and vault maps discovered:
D:1:      minmay_arrival_stair_chambers, layout_basic, minmay_pentomino_u2
D:2:      layout_rooms, uniq_sigmund
D:3:      layout_rooms, basic_ecumenical_altar, chequers_serial_rivers_micro_b,
          uniq_grinder

Skill      XL: |  1  2  3  4  5 |
---------------+----------------+-----
Spellcasting   | 3 |  3.3
Short Blades   | 1 |  1.7
Long Blades    | 2 |  2.3
Armour         | 2 3 |  3.2
Dodging        | 3 |  3.4
Fighting       | |  2.6
Throwing       | |  0.7

Action                   |  1- 3 |  4- 6 || total
-------------------------+-------+-------++-------
Melee: Falchion          |    40 |       ||    40
       Dagger            |    48 |    39 ||    87
Throw: Boomerang         |     1 |       ||     1
 Cast: Magic Dart        |     7 |     2 ||     9
       Poisonous Vapours |       |     8 ||     8
       Blink             |       |     1 ||     1
  Use: Scroll            |     2 |       ||     2
       Potion            |     1 |       ||     1
Armor: Leather armour    |    20 |     8 ||    28
Dodge: Dodged            |    58 |    23 ||    81

Table legend: (Time is in decaauts)
 A = Elapsed time spent in this place.
 B = Non-inter-level travel time spent in this place.
 C = Inter-level travel time spent in this place.
 D = Time resting spent in this place.
 E = Time spent auto-exploring this place.
 F = Levels seen in this place.
 G = Mean time per level.
                   A        B        C        D        E       F      G
               +--------+--------+--------+--------+--------+-----+--------+
         Total |   3028 |   2842 |    186 |   1245 |   1216 |   3 | 1009.3 |
       Dungeon |   3028 |   2842 |    186 |   1245 |   1216 |   3 | 1009.3 |
               +--------+--------+--------+--------+--------+-----+--------+

Top non-repeatable levels by time:
     D:1: 1653 daAuts
     D:2: 1285 daAuts
     D:3: 88 daAuts
